 Dungeon Crawl Stone Soup version 0.26-a0-30-g56b8cd3df0 (webtiles) character file.

Game seed: 11259500806277747963, levelgen mode: deterministic

3458 Lanoc the Fighter (level 9, -7/74 HPs)
             Began as a Demonspawn Artificer on May 31, 2020.
             Was the Champion of Jiyva.
             Mangled by a sun demon (21 damage)
             ... summoned by a kobold demonologist
             ... on level 10 of the Dungeon.
             The game lasted 00:13:58 (9559 turns).

Lanoc the Fighter (Demonspawn Artificer)            Turns: 9559, Time: 00:13:59

Health: -7/74      AC: 17    Str: 17    XL:     9   Next: 78%
Magic:  14/14      EV: 16    Int: 11    God:    Jiyva [******]
Gold:   206        SH:  0    Dex: 20    Spells: 8/8 levels left

rFire    . . .     SeeInvis .   b - +5 falchion "Viakkufe" {venom, *Slow rN+++ Str+8 Dex-2}
rCold    + . .     Gourm    .   (no shield)
rNeg     + + +     Faith    .   C - +1 ring mail {rC+}
rPois    .         Spirit   .   D - +0 helmet of Ynymeon {rElec rN+ MR- Regen+} (curse)
rElec    +         Reflect  .   (no cloak)
rCorr    +         Harm     .   (no gloves)
MR       .....     Clarity  +   (no boots)
Stlth    +.........             (no amulet)
HPRegen  0.62/turn              E - ring of resist corrosion
MPRegen  0.14/turn              (no ring)

@: sanguine armour
A: talons 1, clarity, foul stench 1, spiny 1, pseudopods 1, rot immunity,
subdued magic 1, sanguine armour 3
a: Request Jelly, Slimify, Cure Bad Mutation, Renounce Religion


You were on level 10 of the Dungeon.
You worshipped Jiyva.
Jiyva was exalted by your worship.
You were completely stuffed.

You visited 2 branches of the dungeon, and saw 9 of its levels.
You also visited: Sewer.

You collected 206 gold pieces.

Inventory:

Hand Weapons
 a - a +2 short sword of speed
 b - the +5 falchion "Viakkufe" (weapon) {venom, *Slow rN+++ Str+8 Dex-2}
   (You found it on level 4 of the Dungeon)

   It poisons the flesh of those it strikes.
   It affects your strength (+8).
   It affects your dexterity (-2).
   It renders you almost immune to negative energy.
   It may slow you when you take damage.
 u - the +10 hunting sling of Miapadd {vorpal, rN+ Str+4}
   (You found it on level 4 of the Dungeon)

   Any stone fired from it inflicts extra damage.
   It affects your strength (+4).
   It protects you from negative energy.
Missiles
 h - 52 arrows
 p - 67 stones
 q - 40 poisoned darts (quivered)
 y - 6 sling bullets
Armour
 m - a +0 plate armour
 C - a +1 ring mail of cold resistance (worn)
 D - the cursed +0 helmet of Ynymeon (worn) {rElec rN+ MR- Regen+}
   (You found it on level 7 of the Dungeon)

   It insulates you from electricity.
   It protects you from negative energy.
   It affects your resistance to hostile enchantments.
   It increases your rate of regeneration.
   It has a curse placed upon it.
Jewellery
 E - a ring of resist corrosion (left hand)
Wands
 c - a wand of flame (22)
 d - a wand of enslavement (14)
 e - a wand of random effects (23)
Scrolls
 g - 5 scrolls of amnesia
 i - 4 scrolls of remove curse
 j - 4 scrolls of teleportation
 l - a scroll of fear
 o - 3 scrolls of identify
 s - a scroll of random uselessness {unknown}
 x - a scroll of blinking {unknown}
 F - a scroll of fog {unknown}
Potions
 k - a potion of haste {unknown}
 n - a potion of curing
 r - a potion of mutation {unknown}
 v - 2 potions of magic {unknown}
 w - a potion of might {unknown}
 z - a potion of invisibility
 A - 3 potions of brilliance {unknown}
 B - a potion of stabbing {unknown}
Comestibles
 f - 5 rations


   Skills:
 + Level 8.1 Fighting
 - Level 0.8 Short Blades
 + Level 4.5 Armour
 + Level 7.6 Dodging
 - Level 0.8 Stealth
 - Level 7.0 Evocations


You had 8 spell levels left.
You didn't know any spells.
Your spell library contained the following spells:

 Spells                   Type           Power        Failure   Level  Hunger
 Bolt of Magma            Conj/Fire/Erth #.........   100%        5    ######.
 Iskenderun's Battlesphe  Conj/Chrm      #.......     100%        5    ######.
 Iron Shot                Conj/Erth      #.........   100%        6    #######
 Orb of Destruction       Conj           #.........   100%        7    #######
 Spellforged Servitor     Conj/Summ      #.........   100%        7    #######


Dungeon Overview and Level Annotations

Branches:
Dungeon (10/15)            Temple (1/1) D:5           Sewer (visited)
   Lair: D:8-11         Orc: D:9-12

Altars:
Elyvilon
Kikubaaqudgha
Okawaru
Qazlal
Sif Muna
Wu Jian
Xom
Zin
Jiyva

Annotations:
D:10 Gastronok


Innate Abilities, Weirdness & Mutations

You have sharp toenails.
You may emit foul miasma when damaged in melee.
You are partially covered in sharp spines.
You are immune to rotting.
When seriously injured, your bleeding wounds create very thick armour. (AC +12)
You possess an exceptional clarity of mind.
Armour fits poorly on your pseudopods.
Your spells are a little easier to cast, but a little less powerful.


Message History

The hellwing looks as sick as possible!
You claw the hellwing.
The hellwing is moderately wounded.
The hellwing closely misses you. The sun demon is struck by your spines.
The sun demon hits you.
You are engulfed in flames!
* * * LOW HITPOINT WARNING * * *
An ice beast comes into view.
The kobold demonologist completely misses you.
You riposte.
You hit the kobold demonologist.
The kobold demonologist is poisoned.
You claw the kobold demonologist.
The kobold demonologist is severely wounded.
You hear a slurping noise.
Jiyva appreciates your sacrifice.
You feel a little less hungry.
You feel better.
You hit the kobold demonologist.
The kobold demonologist looks as sick as possible!
You claw the kobold demonologist, but do no damage.
You bludgeon the kobold demonologist, but do no damage.
The kobold demonologist is severely wounded.
The sun demon hits you!!
You die...

#...########.##.####.............
#...# #.....##...........#######
##.## #.######......J....# #.#
#.#.#####..........#
#.#####.#..........#.#####
#.......#.####.##........
#########+####5##........
#.......5WK##....J...
#.......Wl3@4........
#.......Y9###..(.....
#.........###########
#......J.K..# #####.###...# . #.
#...# .. #.###..l######## W. #
#........Kc(.# .. #.#...######l#
.#


You could see a sun demon (summoned), a hellwing (summoned, extremely poisoned),
a kobold demonologist (extremely poisoned, sick), 2 hungry ghosts, a gargoyle,
an ice beast, an iguana, a quasit (summoned), a shadow imp (summoned) and 2
neutral jellies (fellow slime).

Vanquished Creatures
  A centaur warrior (D:10)
  A troll (D:10)
  A water moccasin (D:7)
  2 sky beasts
  An ice beast (D:5)
  A phantom (D:4)
  A black bear (D:7)
  An ogre (D:7)
  2 centaurs
  3 big kobolds (Sewer)
  A bullfrog (D:7)
  A scorpion (D:4)
  3 wights (D:6)
  2 howler monkeys
  2 hounds
  6 orc priests
  An orc wizard (D:4)
  2 bullfrog skeletons
  Natasha (twice) (D:2)
  Terence (D:2)
  4 worker ants
  A hound zombie (D:7)
  A worker ant zombie (D:5)
  3 gnolls (D:5)
  9 adders
  4 river rats (Sewer)
  A shadow imp (D:7)
  6 worms
  3 dart slugs (D:2)
  2 leopard geckos
  17 orcs
  4 bats
  6 giant cockroaches
  6 goblins
  14 hobgoblins
  9 jackals
  A quokka (D:3)
  2 ball pythons (Sewer)
  9 frilled lizards
  13 kobolds
  22 rats
172 creatures vanquished.

Vanquished Creatures (collateral kills)
  An ogre (D:6)
1 creature vanquished.

Vanquished Creatures (others)
  A two-headed ogre (D:10)
  A water moccasin (D:7)
  A phantom (D:10)
  2 ogres
  A crocodile (D:7)
  A wyvern skeleton (D:10)
  A scorpion (D:4)
  2 wights
  A crimson imp (D:5)
  21 jellies
  A hound (D:10)
  An orc priest (D:4)
  An iguana (D:10)
  A hound skeleton (D:10)
  3 adders
  3 river rats (Sewer)
  3 oozes
  An adder zombie (D:6)
  A worm (D:4)
  2 leopard geckos
  4 orcs
  4 ball pythons (Sewer)
  2 goblins (D:3)
  3 jackals (D:6)
  9 kobolds
  A bat (D:3)
  A frilled lizard (D:4)
  14 rats
  2 rat zombies (D:6)
89 creatures vanquished.

Grand Total: 262 creatures vanquished

Notes
Turn   | Place    | Note
-------+----------+-------------------------------------------
     0 | D:1      | Lanoc the Demonspawn Artificer began the quest for the Orb.
     0 | D:1      | Reached XP level 1. HP: 15/15 MP: 3/3
   121 | D:1      | Gained mutation: When seriously injured, your bleeding
                  | wounds create armour. (AC +12) [demonic ancestry]
   121 | D:1      | Reached XP level 2. HP: 11/21 MP: 4/4
  1295 | D:1      | Gained mutation: When seriously injured, your bleeding
                  | wounds create thick armour. (AC +12) [demonic ancestry]
  1295 | D:1      | Reached XP level 3. HP: 20/26 MP: 5/5
  2076 | D:2      | Noticed Natasha
  2086 | D:2      | Killed Natasha
  2086 | D:2      | Reached skill level 2 in Fighting
  2086 | D:2      | Gained mutation: You have sharp toenails. [demonic
                  | ancestry]
  2086 | D:2      | Reached XP level 4. HP: 12/33 MP: 7/7
  2271 | D:2      | Noticed Terence
  2308 | D:2      | Killed Terence
  2610 | D:2      | Gained mutation: When seriously injured, your bleeding
                  | wounds create very thick armour. (AC +12) [demonic
                  | ancestry]
  2610 | D:2      | Reached XP level 5. HP: 39/39 MP: 8/8
  3375 | D:2      | Found a faded altar of an unknown god.
  3385 | D:2      | Became a worshipper of Jiyva Jocoy the Shapeless
  3385 | D:2      | Reached * piety under Jiyva
  3459 | D:2      | Noticed Natasha
  3470 | D:2      | Killed Natasha
  3536 | D:2      | Found an iron altar of Okawaru.
  3583 | D:3      | Reached skill level 5 in Evocations
  3617 | D:3      | Reached skill level 3 in Fighting
  3617 | D:3      | Gained mutation: You are immune to rotting. [demonic
                  | ancestry]
  3617 | D:3      | Reached XP level 6. HP: 13/47 MP: 9/9
  3783 | D:3      | Reached ** piety under Jiyva
  4574 | D:3      | Reached *** piety under Jiyva
  4880 | D:4      | Gained mutation: Your spells are a little easier to cast,
                  | but a little less powerful. [Jiyva's grace]
  5063 | D:4      | Reached **** piety under Jiyva
  5068 | D:4      | Gained mutation: Armour fits poorly on your pseudopods.
                  | [Jiyva's grace]
  5428 | D:4      | Got an ancient falchion
  5429 | D:4      | Identified the +5 falchion "Viakkufe" {venom, *Slow rN+++
                  | Str+8 Dex-2} (You found it on level 4 of the Dungeon)
  5607 | D:4      | Reached XP level 7. HP: 40/52 MP: 11/11
  5810 | D:4      | Got a faintly glowing hunting sling
  5829 | D:4      | Identified the +10 hunting sling of Miapadd {vorpal, rN+
                  | Str+4} (You found it on level 4 of the Dungeon)
  6054 | D:5      | Entered Level 5 of the Dungeon
  6064 | D:5      | Reached skill level 4 in Fighting
  6536 | D:5      | Gained mutation: You may emit foul miasma when damaged in
                  | melee. [demonic ancestry]
  6536 | D:5      | Reached XP level 8. HP: 36/61 MP: 13/13
  6732 | D:5      | Found a stormy altar of Qazlal.
  6923 | D:5      | Found a staircase to the Ecumenical Temple.
  6932 | Temple   | Entered the Ecumenical Temple
  7022 | D:6      | Gained mutation: Your rubbery body absorbs attacks. (AC +1,
                  | EV +1) [Jiyva's grace]
  7035 | D:6      | Found an iron altar of Okawaru.
  7064 | D:6      | Found a glowing drain.
  7084 | Sewer    | Entered a sewer
  7107 | Sewer    | Reached ***** piety under Jiyva
  7114 | Sewer    | Reached skill level 5 in Fighting
  7122 | Sewer    | Gained mutation: You tend to lose your temper in combat.
                  | [Jiyva's grace]
  7132 | Sewer    | Reached skill level 5 in Dodging
  7284 | Sewer    | Lost mutation: You tend to lose your temper in combat.
                  | [Jiyva's grace]
  7464 | D:6      | Reached ****** piety under Jiyva
  7772 | D:6      | Reached skill level 6 in Fighting
  7930 | D:6      | Found a shimmering altar of Xom.
  8130 | D:6      | Found an ancient bone altar of Kikubaaqudgha.
  8346 | D:7      | Found a glowing silver altar of Zin.
  8648 | D:7      | Reached skill level 1 in Armour
  8814 | D:7      | Lost mutation: Your rubbery body absorbs attacks. (AC +1,
                  | EV +1) [Jiyva's grace]
  8898 | D:7      | Got a steaming helmet
  8904 | D:7      | Identified the cursed +0 helmet of Ynymeon {rElec rN+ MR-
                  | Regen+} (You found it on level 7 of the Dungeon)
  9395 | D:7      | Gained mutation: You are partially covered in sharp spines.
                  | [demonic ancestry]
  9395 | D:7      | Reached XP level 9. HP: 71/71 MP: 14/14
  9417 | D:7      | You fall into a shaft and drop 3 floors!
  9417 | D:10     | Entered Level 10 of the Dungeon
  9440 | D:10     | Noticed a troll
  9449 | D:10     | Killed a troll
  9449 | D:10     | Reached skill level 7 in Fighting
  9479 | D:10     | Gained mutation: You possess an exceptional clarity of
                  | mind. [Jiyva's grace]
  9502 | D:10     | Noticed a two-headed ogre
  9509 | D:10     | Killed a two-headed ogre
  9526 | D:10     | Noticed a centaur warrior
  9528 | D:10     | Noticed a kobold demonologist
  9529 | D:10     | Noticed Gastronok
  9529 | D:10     | Noticed a gargoyle
  9557 | D:10     | Noticed a hellwing
  9557 | D:10     | Killed a centaur warrior
  9557 | D:10     | Reached skill level 8 in Fighting
  9558 | D:10     | Noticed a sun demon
  9559 | D:10     | Mangled by a sun demon

Illustrated notes

Levels and vault maps discovered:
D:1:      eino_arrival_druids_welcome, layout_rooms, minmay_rat_gold_closets
D:2:      layout_basic, kennysheep_okawaru_gauntlet,
          chequers_ecumenical_altar_simple_redux, st_stairs_9, uniq_natasha,
          uniq_terence
D:3:      layout_basic, first_ration
D:4:      layout_gridville, corexii_item_surrounded_by_moat, nzn_random_ring
D:5:      layout_rooms, grunt_qazlal_clouds, lemuel_temple_firewalk_b
D:6:      layout_layer_cave, kennysheep_mini_moat,
          lemuel_zombie_altar_kikubaaqudgha, cheibrodos_sewer_entry_bend,
          basic_altar
D:7:      layout_basic, kennysheep_mini
D:10:     minmay_bloctagon, layout_basic, orc_0_dummy, uniq_gastronok
Temple:   lightli_temple_of_artemis

Skill      XL: |  1  2  3  4  5  6  7  8  9 |
---------------+----------------------------+-----
Dodging        | 2 3 4 6 7 |  7.6
Evocations     | 4 5 6 7 |  7.0
Fighting       | 2 3 4 6 8 |  8.1
Armour         | 2 4 |  4.5
Short Blades   | |  0.8
Stealth        | |  0.8

Action                   |  1- 3 |  4- 6 |  7- 9 || total
-------------------------+-------+-------+-------++-------
Melee: Short sword       |   173 |   213 |       ||   386
       Kick              |       |    66 |    83 ||   149
       Falchion          |       |     3 |   191 ||   194
       Pseudopods        |       |     1 |    54 ||    55
Evoke: Wand              |     3 |     9 |       ||    12
  Use: Potion            |       |     1 |       ||     1
       Scroll            |       |       |     6 ||     6
 Stab: Sleeping          |     3 |     2 |     1 ||     6
       Distracted        |     1 |     1 |     1 ||     3
  Eat: Chunk             |     3 |     8 |       ||    11
Armor: Leather armour    |    36 |    61 |    25 ||   122
       Ring mail         |       |       |    13 ||    13
Dodge: Dodged            |   125 |   164 |   177 ||   466
       Rpst.: Falchion   |       |       |    37 ||    37

Table legend:
 A = Non-vault XP
 B = Vault XP
 C = Vault XP percentage of total XP
 D = Non-vault monster count
 E = Vault monster count
 F = Vault count percentage of total count
                 A         B        C        D         E       F
            +---------+---------+-------+---------+---------+-------
      Total |    3443 |    1497 |  30.3 |     132 |      44 |  25.0
            +---------+---------+-------+---------+---------+-------
        D:1 |      48 |       9 |  15.8 |      31 |       9 |  22.5
        D:2 |     117 |      88 |  42.9 |      29 |       4 |  12.1
        D:3 |     184 |       0 |   0.0 |      15 |       0 |   0.0
        D:4 |     271 |     250 |  48.0 |      13 |       8 |  38.1
        D:5 |     554 |       0 |   0.0 |      17 |       0 |   0.0
        D:6 |     378 |      15 |   3.8 |       9 |       3 |  25.0
        D:7 |     757 |       0 |   0.0 |      12 |       0 |   0.0
       D:10 |    1134 |     925 |  44.9 |       6 |       2 |  25.0
      Sewer |       0 |     210 | 100.0 |       0 |      18 | 100.0
            +---------+---------+-------+---------+---------+-------
